 Dungeon Sprint DCSS version 0.17-a0-1442-g10bb59b (webtiles) character file.

263 nuthulu the Thaumaturge (level 5, -19/28 HPs)
             Began as a Deep Elf Fire Elementalist on June 27, 2015.
             Was a Believer of Vehumet.
             Demolished by Wotokiq the pandemonium lord (26 damage)
             ... in the Dungeon (Sprint V: "Ziggurat Sprint").
             The game lasted 00:03:09 (522 turns).

nuthulu the Thaumaturge (Deep Elf Fire Elementalist) Turns: 522, Time: 00:03:10

Health: -19/28     AC:  5    Str:  5    XL:     5   Next: 97%
Magic:  10/22      EV: 12    Int: 36    God:    Vehumet [**....]
Gold:   0          SH:  6    Dex: 15    Spells: 4 memorised, 18 levels left

rFire  . . .     SeeInvis .     m - +5 quick blade
rCold  . . .     Clarity  .     a - +0 robe
rNeg   . . .     SustAt   .     I - +3 buckler
rPois  +         Gourm    .     J - +2 helmet {Int+3}
rElec  .         Spirit   .     (no cloak)
rCorr  .         Warding  .     (no gloves)
rMut   +         NoTele   +     (no boots)
MR     .....                    K - amulet "Doxzior" {rMut *Confuse +Blink rPois}
Stlth  ++........               F - +6 ring of intelligence
                                E - +6 ring of intelligence

@: not resistant to hostile enchantments, unstealthy
A: no striking features
a: Renounce Religion, Evoke Blink


You were in the Dungeon.
You worshipped Vehumet.
Vehumet was pleased with you.
You were not hungry.

You visited 1 branch

Inventory:

Hand weapons
 m - a +5 quick blade (weapon)
Armour
 a - a +0 robe (worn)
 I - a +3 buckler (worn)
 J - a +2 helmet of intelligence (worn)
Jewellery
 C - a +6 ring of dexterity
 D - a +6 ring of dexterity
 E - a +6 ring of intelligence (left hand)
 F - a +6 ring of intelligence (right hand)
 G - a +6 ring of strength
 H - a +6 ring of strength
 K - the amulet "Doxzior" (around neck) {rMut *Confuse +Blink rPois}
   (You found it in the Dungeon)

   [amulet of resist mutation]

   It protects you from mutation.
   It protects you from poison.
   It lets you blink.
   It may confuse you when you take damage.
Magical devices
 y - a wand of disintegration (7)
 z - a wand of fire (5)
 A - a wand of cold (5)
 B - a wand of draining (5)
Scrolls
 i - 4 scrolls of blinking
 p - 4 scrolls of amnesia
 q - 3 scrolls of recharging
 r - 7 scrolls of fog
 s - a scroll of holy word
 t - 5 scrolls of identify
 u - 5 scrolls of remove curse
 v - 2 scrolls of fear
Potions
 d - 10 potions of curing
 e - 10 potions of heal wounds
 f - 6 potions of haste
 g - 7 potions of magic
 h - 3 potions of berserk rage
 j - 2 potions of brilliance
 k - 2 potions of invisibility
 l - 4 potions of resistance
 n - 5 potions of agility
 o - 5 potions of might
Books
 b - a book of Flames

   Spells                             Type                      Level
   a - Flame Tongue                   Conjuration/Fire             1
   b - Throw Flame                    Conjuration/Fire             2
   c - Conjure Flame                  Conjuration/Fire             3
   d - Inner Flame                    Hexes/Fire                   3
   e - Sticky Flame                   Conjuration/Fire             4
   f - Fireball                       Conjuration/Fire             5
Comestibles
 c - 5 bread rations
 w - 42 fruits
 x - 4 meat rations


   Skills:
 - Level 2.4 Dodging
 - Level 2.4 Stealth
 * Level 13.1 Spellcasting
 - Level 1.1 Conjurations
 + Level 9.5 Fire Magic


You had 18 spell levels left.
You knew the following spells:

 Your Spells              Type           Power        Failure   Level  Hunger
a - Flame Tongue          Conj/Fire      #####        1%          1    None
b - Fireball              Conj/Fire      ######....   10%         5    None
c - Sticky Flame          Conj/Fire      ######..     3%          4    None
d - Throw Flame           Conj/Fire      ######       1%          2    None


Dungeon Overview and Level Annotations

Branches:
Dungeon (1/1)

Altars:
Ashenzari
Cheibriados
Dithmenos
Elyvilon
Fedhas
Gozag
Kikubaaqudgha
Makhleb
Nemelex Xobeh
Okawaru
Qazlal
Ru
Sif Muna
Trog
Vehumet
Xom
Yredelemnul
Zin
The Shining One
Beogh
Jiyva
Lugonu


Message History

Press: ? - help, Shift-Dir - straight line, f/p - Wotokiq
Aim: Wotokiq (noxious fumes, moderately wounded)
The flame tongue hits Wotokiq.
Wotokiq is burned terribly!
Wotokiq is moderately wounded.
Wotokiq points at you and mumbles some strange words.
The ball explodes into a vile cloud!
The stinking cloud engulfs you!
The stinking cloud engulfs Wotokiq.
Unknown command.
Unknown command.
Unknown command.
Casting: Flame Tongue
Confirm with . or Enter, or press ? or * to list all spells.
Aiming: Flame Tongue
Press: ? - help, Shift-Dir - straight line, f/p - Wotokiq
Aim: Wotokiq (noxious fumes, moderately wounded)
The flame tongue hits Wotokiq.
Wotokiq appears unharmed.
Wotokiq is moderately wounded.
Wotokiq hits you!!
Ouch! That really hurt!
You die...

▓▓▓▓▓▓▓▓▓▓▓▓▓▓▓▓▓▓▓
▓.8©8.▓.8©8.▓.8©8.▓
▓.\|).▓.....▓.....▓
▓..[..▓.....▓.|.}.▓
▓.....▓.....▓.....▓
▓.53..▓.....▓.....▓
▓.§&§.▓.....▓.....▓
▓.§@§.▓.....▓▓▓▓▓▓▓
▓▓▓▓▓▓▓▓▓▓▓▓▓


You could see Wotokiq, an ice devil and a shadow imp.

Vanquished Creatures
  A slime creature (D)
  2 jellies (D)
  An adder (D)
  A white imp (D)
  An ufetubus (D)
  A ball python (D)
7 creatures vanquished.

Notes
Turn   | Place    | Note
--------------------------------------------------------------
     0 | D        | nuthulu the Deep Elf Fire Elementalist began the quest for the Orb.
     0 | D        | Reached XP level 1. HP: 10/10 MP: 6/6
     0 | D        | Found a roughly hewn altar of Beogh.
     0 | D        | Found a viscous altar of Jiyva.
     0 | D        | Found a corrupted altar of Lugonu.
     0 | D        | Found a white marble altar of Elyvilon.
     0 | D        | Found a sparkling altar of Nemelex Xobeh.
     4 | D        | Found a burning altar of Makhleb.
     4 | D        | Found an iron altar of Okawaru.
     4 | D        | Found a deep blue altar of Sif Muna.
     4 | D        | Found a radiant altar of Vehumet.
     4 | D        | Found a bloodstained altar of Trog.
     4 | D        | Found a shimmering altar of Xom.
    22 | D        | Reached skill level 7 in Spellcasting
    22 | D        | Reached XP level 2. HP: 15/15 MP: 7/12
    84 | D        | Became a worshipper of Vehumet
   110 | D        | Entered arena 1.
   130 | D        | Entered arena 2.
   130 | D        | Noticed a jelly
   130 | D        | Noticed a slime creature
   130 | D        | Noticed a jelly
   132 | D        | Killed a jelly
   132 | D        | Acquired Vehumet's first power
   132 | D        | Offered knowledge of Shock by Vehumet.
   132 | D        | Reached skill level 9 in Spellcasting
   132 | D        | Reached XP level 3. HP: 19/19 MP: 10/15
   138 | D        | Killed a slime creature
   138 | D        | Reached skill level 12 in Spellcasting
   138 | D        | Reached XP level 4. HP: 3/24 MP: 4/20
   138 | D        | Reached XP level 5. HP: 3/28 MP: 4/22
   141 | D        | Killed a jelly
   141 | D        | Reached skill level 13 in Spellcasting
   173 | D        | Learned a level 5 spell: Fireball
   178 | D        | Learned a level 4 spell: Sticky Flame
   181 | D        | Learned a level 2 spell: Throw Flame
   261 | D        | Got the amulet "Doxzior" {rMut *Confuse +Blink rPois}
   516 | D        | Entered arena 3.
   516 | D        | Noticed Wotokiq the pandemonium lord
   517 | D        | Offered knowledge of Magic Dart by Vehumet.
   519 | D        | Noticed an ice devil
   522 | D        | Demolished by Wotokiq the pandemonium lord

Vault maps used:
D:        sprint_v

Action                   |  1- 3 |  4- 6 || total
-------------------------+-------+-------++-------
 Cast: Flame Tongue      |     9 |     8 ||    17
       Fireball          |       |     2 ||     2
  Use: Potion            |     1 |       ||     1
